 Dungeon Crawl Stone Soup version 0.27.0-66-gdc8fb28755 (webtiles) character file.

Game seed: 2240058806132781755

142 Malachi the Sneak (level 5, 0/42 HPs)
             Began as a Naga Enchanter on Aug 20, 2021.
             Slain by a shadow imp (2 damage)
             ... summoned by Natasha
             ... on level 4 of the Dungeon.
             The game lasted 00:09:25 (3107 turns).

Malachi the Sneak (Naga Enchanter)                  Turns: 3107, Time: 00:09:26

Health: 0/42       AC:  5    Str: 11    XL:     5   Next: 25%
Magic:  1/8        EV:  9    Int: 16    God:
Gold:   163        SH:  5    Dex: 11    Spells: 3/8 levels left

rFire    + . .     SeeInvis +   a - +2 dagger
rCold    + . .     Faith    .   (no shield)
rNeg     . . .     Spirit   .   b - +1 robe
rPois    +         Reflect  +   d - +2 hat
rElec    +         Harm     .   (no cloak)
rCorr    +         Rampage  .   (no gloves)
Will     +....                  (no barding)
Stlth    +++.......             e - amulet of reflection
HPRegen  0.14/turn              f - ring of willpower
MPRegen  0.11/turn              m - ring of flight

@: brilliant, resistant, attractive, flying, very slow
A: AC +1, large, see invisible, deformed body, poison resistance, slowness 2,
spit poison 1, naga tail 1
a: Spit Poison


You were on level 4 of the Dungeon.
You visited 1 branch of the dungeon, and saw 4 of its levels.

You collected 163 gold pieces.

Inventory:

Hand Weapons
 a - a +2 dagger (weapon)
Armour
 b - a +1 robe (worn)
 d - a +2 hat (worn)
Jewellery
 e - an amulet of reflection (around neck)
 f - a ring of willpower (left hand)
 m - a ring of flight (right hand)
Scrolls
 h - a scroll of enchant armour
 j - a scroll of amnesia
Potions
 c - 2 potions of resistance


   Skills:
 - Level 1.0 Short Blades
 - Level 1.5 Dodging
 * Level 7.2 Stealth
 - Level 2.0 Spellcasting
 * Level 3.6 Hexes
 * Level 2.2 Ice Magic


You had 3 spell levels left.
You knew the following spells:

 Your Spells              Type           Power      Damage    Failure   Level
a - Confusing Touch       Hex            20%        N/A       14%         3
b - Ensorcelled Hibernat  Hex/Ice        32%        N/A       10%         2

Your spell library contained the following spells:

 Spells                   Type           Power      Damage    Failure   Level
 Corona                   Hex            22%        N/A       4%          1
 Tukima's Dance           Hex            20%        N/A       14%         3
 Dazzling Flash           Conj/Hex       22%        N/A       28%         3


Dungeon Overview and Level Annotations

Branches:
Dungeon (4/15)
 Temple: D:4-7

Altars:

Annotations:
D:3 exclusion: gnoll
D:4 exclusion: lemure, Natasha


Innate Abilities, Weirdness & Mutations

Your serpentine skin is tough. (AC +1)
You have supernaturally acute eyesight. (SInv)
Armour fits poorly on your strangely shaped body.
Your system is resistant to poisons. (rPois)
You cover ground very slowly.
You can spit poison.
You have a snake-like lower body.


Message History

The ball python bites you but does no damage.
Press: ? - help, Shift-Dir - straight line, f/p - Natasha
Aim: Natasha (moderately wounded, unusually resistant)
You fail to use your ability.
The shadow imp hits you but does no damage.
Natasha barely misses you.
The ball python bites you but does no damage.
Unknown command.
Unknown command.
You aren't carrying any items that you can evoke.
As you read the scroll labelled LESHEF NYNO, it crumbles to dust.
It is a scroll of enchant weapon.
Your +1 dagger glows red for a moment.
The shadow imp barely misses you. The ball python bites you.
* * * LOW HITPOINT WARNING * * *
Natasha claws you but does no damage.
You hit Natasha.
Natasha is heavily wounded.
The shadow imp shouts, "Remove thy stench, thou puking folly-fallen haggard!"
The shadow imp hits you.
* * * LOW HITPOINT WARNING * * *
The ball python bites you but does no damage.
Natasha claws you.
* * * LOW HITPOINT WARNING * * *
Casting: Ensorcelled Hibernation (safe; 10% risk of failure)
Confirm with . or Enter, or press ? or * to list all spells.
Aiming: Ensorcelled Hibernation (safe; 10% risk of failure)
Press: ? - help, Shift-Dir - straight line, f - ball python, p - Natasha
Aim: a ball python (chance to affect: 64%)
You feel a surge of power!
The ball python resists with significant effort.
The ball python bites you.
* * * LOW HITPOINT WARNING * * *
The shadow imp hits you.
* * * LOW HITPOINT WARNING * * *
Natasha barely misses you.
You hit Natasha.
Natasha is severely wounded.
The ball python closely misses you. The shadow imp hits you.
You die...

#.......# #.###.#.#
### #.##..#.# ..#
#.##.##.# #.#
#.......# #.#
####.#### ## #S#
##.### #.##.#
#....##
#h@#.#######.....##
#.5S...............
#..#.#########...##
#.##.# #..## ## #.#
#.## ... #####.####
.#. #......... #.
.# #.###.###. ## ##
#.# #.


You could see Natasha (resistant), a shadow imp (summoned) and a ball python.

Vanquished Creatures
  An orc priest (D:3)
  Natasha (D:4)
  2 adders (D:3)
  2 worms
  2 dart slugs
  4 orcs (D:3)
  4 ball pythons
  6 bats
  4 endoplasms
  3 giant cockroaches
  7 goblins
  3 hobgoblins
  5 kobolds
  2 quokkas
  4 frilled lizards
  5 rats
55 creatures vanquished.

Notes
Turn   | Place    | Note
-------+----------+-------------------------------------------
     0 | D:1      | Malachi the Naga Enchanter began the quest for the Orb.
     0 | D:1      | Reached XP level 1. HP: 15/15 MP: 3/3
    92 | D:1      | Reached skill level 5 in Stealth
    93 | D:1      | Reached XP level 2. HP: 15/22 MP: 5/5
   388 | D:1      | Found a faded altar of an unknown god.
   431 | D:1      | Learned a level 2 spell: Ensorcelled Hibernation
   454 | D:1      | Reached skill level 6 in Stealth
   574 | D:1      | Reached XP level 3. HP: 22/28 MP: 4/6
  1128 | D:1      | Learned a level 3 spell: Confusing Touch
  1142 | D:2      | Reached skill level 1 in Ice Magic
  2095 | D:3      | Reached XP level 4. HP: 36/36 MP: 7/7
  2344 | D:3      | Reached skill level 7 in Stealth
  2522 | D:3      | Reached XP level 5. HP: 38/42 MP: 1/8
  2930 | D:4      | Noticed a lemure
  2930 | D:4      | Noticed a lemure
  2930 | D:4      | Noticed a lemure
  2959 | D:4      | Noticed Natasha
  2965 | D:4      | Killed Natasha
  3069 | D:4      | Noticed Natasha
  3106 | D:4      | HP: 2/42 [shadow imp[Natasha] (1)]
  3107 | D:4      | Slain by a shadow imp

Illustrated notes

Levels and vault maps discovered:
D:1:      psy_arrival_dodecagon, layout_basic,
          hellmonk_ecumenical_altar_pennies_from_heaven,
          corexii_leaking_fountain, minmay_hexomino_p4
D:2:      layout_loops_ring
D:3:      layout_rooms
D:4:      layout_loops_corners, nicolae_uskayaw_murder_on_the_dancefloor,
          bh_walls_and_bars, uniq_natasha, uniq_pikel, uniq_sigmund, uniq_ijyb

Skill      XL: |  1  2  3  4 |
---------------+-------------+-----
Stealth        | 5 6 7 |  7.2
Ice Magic      | 1 2 |  2.2
Short Blades   | |  1.0
Dodging        | |  1.5
Spellcasting   | |  2.0
Hexes          | |  3.6

Action                   |  1- 3 |  4- 6 || total
-------------------------+-------+-------++-------
Melee: Dagger            |    65 |    47 ||   112
 Cast: Corona            |     5 |       ||     5
       Ensorcelled Hiber |    13 |    22 ||    35
       Confusing Touch   |       |     2 ||     2
 Abil: Spit Poison       |    19 |     5 ||    24
  Use: Scroll            |     4 |     3 ||     7
       Potion            |       |     5 ||     5
 Stab: Sleeping          |    15 |    13 ||    28
Armor: Robe              |    19 |    45 ||    64
Dodge: Dodged            |    27 |    54 ||    81
Block: Other             |       |    28 ||    28
